 Dungeon Crawl Stone Soup version 0.30-a0-702-gdf48620a09 (webtiles) character file.

Game seed: 4111320770746142857

127 Newt the Trooper (level 4, -2/37 HPs)
             Began as a Demonspawn Gladiator on Jan 21, 2023.
             Was an Initiate of Gozag.
             Killed by divine providence
             ... invoked by an orc priest
              (16 damage)
             ... on level 3 of the Dungeon.
             The game lasted 00:01:54 (2081 turns).

Newt the Trooper (Demonspawn Gladiator)             Turns: 2081, Time: 00:01:55

Health: -2/37      AC:  6    Str: 16    XL:     4   Next: 85%
Magic:  4/4        EV: 12    Int:  9    God:    Gozag
Gold:   148        SH:  0    Dex: 15    Spells: 3/3 levels left

rFire   . . .      SeeInvis .    r - +1 great sword of Success {protect, rC+}
rCold   + . .      Faith    .    (shield currently unavailable)
rNeg    . . .      Spirit   .    b - +0 leather armour
rPois   .          Reflect  .    c - +0 helmet
rElec   .          Harm     .    (no cloak)
rCorr   .          Rampage  .    (no gloves)
Will    .....                    (no boots)
Stlth   ++                       (no amulet)
HPRegen 0.26/turn                (no ring)
MPRegen 0.09/turn                (no ring)

@: no status effects
A: claws 1, slimy green scales 1, spiny 1
a: Renounce Religion, Potion Petition, Call Merchant, Bribe Branch


You were on level 3 of the Dungeon.
You worshipped Gozag.
Gozag was aware of your devotion.
You visited 1 branch of the dungeon, and saw 3 of its levels.

You collected 208 gold pieces.
You paid 60 gold pieces to Gozag.

Inventory:

Hand Weapons
 a - a +0 rapier of draining
 r - the +1 great sword of Success (weapon) {protect, rC+}
   (You found it on level 3 of the Dungeon)

   rC:        It protects you from cold.
Missiles
 d - 3 throwing nets (quivered)
 e - a javelin
Armour
 b - a +0 leather armour (worn)
 c - a +0 helmet (worn)
Jewellery
 h - a ring of magical power
 o - a ring of magical power
Scrolls
 k - a scroll of enchant weapon {unknown}
 l - a scroll of enchant armour {unknown}
 n - a scroll of amnesia
 s - a scroll of acquirement {unknown}
 t - a scroll of identify {unknown}
Potions
 f - a potion of resistance {unknown}
 g - a potion of ambrosia {unknown}
 i - 2 potions of mutation {unknown}
 j - a potion of lignification {unknown}
 m - a potion of curing {unknown}
 p - a potion of haste
 q - a potion of invisibility {unknown}
 u - 2 potions of attraction {unknown}


   Skills:
 - Level 4.0 Fighting
 + Level 3.4 Short Blades
 - Level 1.7 Throwing
 - Level 2.6 Dodging
 - Level 2.0 Stealth


You had 3 spell levels left.
You didn't know any spells.
Your spell library contained the following spells:

 Spells                   Type           Power      Damage    Failure   Level
 Ensorcelled Hibernation  Hex/Ice        0%         N/A       58%         2
 Passwall                 Tmut/Erth      0%         N/A       58%         2
 Inner Flame              Hex/Fire       0%         N/A       83%         3
 Swiftness                Air            0%         N/A       83%         3
 Cause Fear               Hex            0%         N/A       99%         4
 Discord                  Hex            0%         N/A       100%        8


Dungeon Overview and Level Annotations

Branches:
Dungeon (3/15)

Altars:
Gozag

Shops:
D:2 [   D:3 *


Innate Abilities, Weirdness & Mutations

You have sharp fingernails.
You are partially covered in slimy green scales. (AC +2)
You are partially covered in sharp spines.


Message History

You add the spells Inner Flame, Cause Fear and Discord to your library.
A quokka comes into view.
The helpless quokka fails to defend itself.
You hit the quokka.
Your weapon exudes an aura of protection.
The quokka is heavily wounded.
The quokka is struck by your spines. The quokka bites you.
The quokka is struck by your spines.
You kill the quokka!
No target in view!
No target in view!
No target in view!
You now have 148 gold pieces (gained 5).
You see here a +0 club.
An orc and an orc priest come into view.
The orc priest shouts!
There are monsters nearby!
An orc comes into view. It is wielding a +0 sling.
The orc shouts!
An orc priest comes into view. It is wielding a +0 whip.
The orc shouts!
You hit the orc priest.
Your weapon exudes an aura of protection.
The orc priest is lightly wounded.
The orc priest barely misses you.
You closely miss the orc.
The orc priest mumbles some strange prayers to Beogh against you.
Beogh smites you! The orc hits you but does no damage.
The orc priest drinks a potion.
The orc priest seems to speed up.
You barely miss the orc. The orc barely misses you.
The orc priest is struck by your spines.
The orc priest hits you but does no damage.
You closely miss the orc priest.
The orc priest is moderately wounded.
The orc priest invokes the aid of Beogh against you.
Beogh smites you!
The orc priest calls down the wrath of Beogh upon you.
Beogh smites you!
You die...
Your body crumbles into a pile of gold.

## #........#..[ .# #. ......#
$........... .# #####.# .......#
#.#.#..... .# ...#.# ......#
###.....#... .# ##.#.## .....#
#......)#... .#####.....# .o..
###......).. ...........#####o#
#.....##.# ....#.......##.oo####
#...#.##.#
##..#.......##.#@...######.#....#
#..........)).....<.......#.####
#....###.#.##)####.##########
####.# #.#....# #.# ###
#...##.###### ###.##.....#
#.######.# #.######.# #.#...##.#


You could see 2 orc priests and 2 orcs.

Vanquished Creatures
  An iguana (D:3)
  3 adders
  2 worms (D:3)
  2 dart slugs (D:1)
  7 bats
  An endoplasm (D:1)
  2 giant cockroaches
  9 goblins
  9 hobgoblins
  5 kobolds
  5 quokkas
  6 ball pythons
  6 frilled lizards
  4 rats
62 creatures vanquished.

Notes
Turn   | Place    | Note
-------+----------+-------------------------------------------
     0 | D:1      | Newt the Demonspawn Gladiator began the quest for the Orb.
     0 | D:1      | Reached XP level 1. HP: 16/16 MP: 1/1
    36 | D:1      | Reached skill level 1 in Stealth
   271 | D:1      | Gained mutation: You have sharp fingernails. [demonic
                  | ancestry]
   271 | D:1      | Reached XP level 2. HP: 12/22 MP: 2/2
   739 | D:1      | Gained mutation: You are partially covered in sharp spines.
                  | [demonic ancestry]
   739 | D:1      | Reached XP level 3. HP: 27/28 MP: 3/3
  1025 | D:2      | Reached skill level 3 in Fighting
  1051 | D:2      | Found Zedumiaf's Armour Emporium.
  1524 | D:3      | Gained mutation: You are partially covered in slimy green
                  | scales. (AC +2) [demonic ancestry]
  1524 | D:3      | Reached XP level 4. HP: 36/37 MP: 4/4
  1651 | D:3      | Reached skill level 4 in Fighting
  1850 | D:3      | Identified the +1 great sword of Success {protect, rC+}
  1901 | D:3      | Found an opulent altar of Gozag.
  1903 | D:3      | Found Gozag's Platinum Reserve.
  1949 | D:3      | Became a worshipper of Gozag Ym Sagoz the Greedy
  2081 | D:3      | Killed from afar by an orc priest

Illustrated notes

Levels and vault maps discovered:
D:1:      dpeg_arrival_pits, layout_basic
D:2:      layout_basic, serial_shops, shop, minmay_indecisive_spiral
D:3:      layout_basic, nicolae_gozag_zags_fifth_avenue, tso_metal_star

Skill      XL: |  1  2  3  4 |
---------------+-------------+-----
Stealth        | 1 2 |  2.0
Fighting       | 3 4 |  4.0
Short Blades   | 3 |  3.4
Throwing       | |  1.7
Dodging        | |  2.6

Action                   |  1- 3 |  4- 6 || total
-------------------------+-------+-------++-------
Melee: Rapier            |   119 |    26 ||   145
       Great sword       |       |    15 ||    15
  Use: Scroll            |       |     6 ||     6
 Stab: Sleeping          |     5 |     2 ||     7
       Distracted        |       |     1 ||     1
Armor: Leather armour    |    38 |    13 ||    51
Dodge: Dodged            |    66 |    26 ||    92

Table legend: (Time is in decaauts)
 A = Elapsed time spent in this place.
 B = Non-inter-level travel time spent in this place.
 C = Inter-level travel time spent in this place.
 D = Time resting spent in this place.
 E = Time spent auto-exploring this place.
 F = Levels seen in this place.
 G = Mean time per level.
                   A        B        C        D        E       F      G
               +--------+--------+--------+--------+--------+-----+--------+
         Total |   2098 |   2007 |     91 |      0 |   1619 |   3 |  699.3 |
       Dungeon |   2098 |   2007 |     91 |      0 |   1619 |   3 |  699.3 |
               +--------+--------+--------+--------+--------+-----+--------+

Top non-repeatable levels by time:
     D:1: 898 daAuts
     D:2: 617 daAuts
     D:3: 582 daAuts
